 Dungeon Crawl Stone Soup version 0.16-a0-3187-geb38783 (webtiles) character file.

21 PolkaDot the Caller (level 2, 0/22 HPs)
             Began as a Vampire Summoner on Dec 17, 2014.
             Slain by a jackal (3 damage)
             ... on level 1 of the Dungeon.
             The game lasted 00:02:04 (504 turns).

PolkaDot the Caller (Vampire Summoner)               Turns: 504, Time: 00:02:05

Health: 0/22       AC:  2    Str:  7    XL:     2   Next: 65%
Magic:  2/4        EV: 12    Int: 17    God:
Gold:   17         SH:  0    Dex: 14    Spells: 1 memorised, 4 levels left

rFire  . . .     SeeInvis +     h - +0 spear
rCold  . . .     Clarity  .     a - +0 robe
rNeg   . . .     SustAb   .     (no shield)
rPois  .         Gourm    .     (no helmet)
rElec  .         Spirit   .     (no cloak)
rCorr  .         Warding  .     (no gloves)
rMut   .         Stasis   .     (no boots)
MR     .....                    (no amulet)
Stlth  ++........               (no ring)
                                (no ring)

@: regenerating quickly, not resistant to hostile enchantments, unstealthy
A: bottle blood, fangs 3, see invisible, unbreathing
a: no special abilities


You were on level 1 of the Dungeon.
You were very full.

You visited 1 branch of the dungeon, and saw 1 of its levels.

You collected 17 gold pieces.

Inventory:

Hand weapons
 h - a +0 spear (weapon)
Armour
 a - a +0 robe (worn)
Scrolls
 c - a scroll of recharging
 f - a scroll of remove curse {unknown}
 g - a scroll of identify {unknown}
Books
 b - a book of Callings

   Spells                             Type                      Level
   a - Summon Small Mammal            Summoning                    1
   b - Call Imp                       Summoning                    2
   c - Call Canine Familiar           Summoning                    3
   d - Summon Guardian Golem          Hexes/Summoning              4
   e - Summon Lightning Spire         Summoning/Air                4
   f - Summon Ice Beast               Ice/Summoning                4


   Skills:
 * Level 2.1 Fighting
 - Level 2.1 Dodging
 - Level 3.0 Stealth
 - Level 2.0 Spellcasting
 - Level 4.0 Summonings


You had 4 spell levels left.
You knew the following spells:

 Your Spells              Type           Power        Failure   Level  Hunger
z - Summon Small Mammal   Summ           ###.         3%          1    #......


Dungeon Overview and Level Annotations

Branches:
Dungeon (1/15)

Altars:


Innate Abilities, Weirdness & Mutations

Your natural rate of healing is unusually fast.
You can bottle blood from corpses.
You have razor-sharp teeth.
You have supernaturally acute eyesight.
You can survive without breathing.


Message History

* * * LOW HITPOINT WARNING * * *
The jackal bites you.
* * * LOW HITPOINT WARNING * * *
The jackal barely misses you.
There is an open door here.
The jackal misses you.
There's nothing here to drain!
Unknown command.
Read which item? (? for menu, Esc to quit)
As you read the scroll labeled TEJAKA RAULA, it crumbles to dust.
It is a scroll of recharging.
You aren't carrying any rechargeable items.
The jackal misses you.
Read which item? (? for menu, Esc to quit)
As you read the scroll labeled WIKIES TELE, it crumbles to dust.
Forget which spell ([?*] list [ESC] exit)?
Forget which spell ([?*] list [ESC] exit)?
Okay, then.
It was a scroll of amnesia.
The jackal bites you.
You die...

.#..♣..♣.♣..♣..#
.#≈#♣♣..≈..♣♣#≈####
.#≈#P♣.≈≈≈.♣P#≈#..#
.#≈#>..≈8≈..<#≈#.[#
.#≈#P♣.≈≈≈.♣P#≈#..
.#≈#♣♣..≈..♣♣#≈#..
.#..♣..♣.♣..♣..#.#
.#.............#.#
.#.#.#♣♣♣♣♣#.#h#@#
.#'### ###'#h# ...#
#..(.h# ####
#..#..# # #.##..#
######### ... ....
...........#.#####.
#########$.. .. .
.#


You could see 2 jackals.

Vanquished Creatures
  A giant gecko (D:1)
  A ball python (D:1)
  5 bats (D:1)
  A giant cockroach (D:1)
  2 hobgoblins (D:1)
  A jackal (D:1)
  A kobold (D:1)
  2 giant newts (D:1)
  2 goblins (D:1)
  2 rats (D:1)
18 creatures vanquished.

Vanquished Creatures (collateral kills)
  A hobgoblin (D:1)
1 creature vanquished.

Vanquished Creatures (others)
  A quokka (D:1)
  4 rats (D:1)
5 creatures vanquished.

Grand Total: 24 creatures vanquished

Notes
Turn   | Place    | Note
--------------------------------------------------------------
     0 | D:1      | PolkaDot, the Vampire Summoner, began the quest for the Orb.
     0 | D:1      | Reached XP level 1. HP: 13/13 MP: 3/3
   104 | D:1      | Reached skill level 1 in Fighting
   208 | D:1      | Reached XP level 2. HP: 21/21 MP: 4/4
   504 | D:1      | Slain by a jackal

Action                   || total
-------------------------++-------
Melee: Unarmed           ||    92
       Spear             ||    23
 Cast: Summon Small Mamm ||     6
  Use: Potion            ||     2
       Scroll            ||     2
 Stab: Sleeping          ||     2
  Eat: Corpse            ||     6
